 Dungeon Crawl Stone Soup version 0.17.1-3-g152610e (webtiles) character file.

343 Laakeri the Slasher (level 6, -4/47 HPs)
             Began as a Demonspawn Abyssal Knight on Apr 26, 2016.
             Was a Priest of Lugonu.
             Slain by an orc warrior
             ... wielding a +0 mace of protection
              (15 damage)
             ... on level 3 of the Dungeon.
             The game lasted 00:39:22 (6347 turns).

Laakeri the Slasher (Demonspawn Abyssal Knight)     Turns: 6347, Time: 00:39:22

Health: -4/47      AC: 12    Str: 12 (15) XL:     6   Next: 31%
Magic:  7/7        EV: 12    Int: 13      God:    Lugonu [***...]
Gold:   108        SH:  0    Dex: 12      Spells: 0 memorised, 5 levels left

rFire  . . .     SeeInvis .     a - +2 falchion
rCold  . . .     Clarity  .     q - +0 ring mail
rNeg   . . .     SustAt   .     (no shield)
rPois  +         Gourm    .     f - +1 helmet
rElec  .         Spirit   .     l - +0 cloak
rCorr  .         Warding  .     p - +0 pair of gloves (curse)
rMut   .         Stasis   .     (no boots)
MR     .....                    (no amulet)
Stlth  +.........               o - ring of poison resistance
                                e - +2 ring of evasion

@: not resistant to hostile enchantments, very unstealthy
A: talons 1, slimy green scales 1
a: Depart the Abyss, Bend Space, Banish, Renounce Religion


You were on level 3 of the Dungeon.
You worshipped Lugonu.
Lugonu was most pleased with you.
You were hungry.

You visited 1 branch of the dungeon, and saw 4 of its levels.
You visited the Abyss 1 time.

You collected 108 gold pieces.

Inventory:

Hand Weapons
 a - a +2 falchion (weapon)
 g - a +2 falchion of holy wrath
Armour
 b - a +0 leather armour
 f - a +1 helmet (worn)
 l - a +0 cloak (worn)
 p - a cursed +0 pair of gloves (worn)
 q - a +0 ring mail (worn)
Jewellery
 e - a +2 ring of evasion (left hand)
 i - an uncursed ring of protection from cold {unknown}
 o - a ring of poison resistance (right hand)
Wands
 j - a wand of magic darts (22)
 t - a wand of lightning (10)
Scrolls
 h - a scroll of enchant weapon
Potions
 r - a potion of berserk rage
Comestibles
 c - a bread ration
 k - 3 fruits
 m - a slice of pizza
 n - a meat ration


   Skills:
 - Level 3.0 Fighting
 * Level 4.8 Long Blades
 + Level 4.1 Armour
 - Level 0.8 Dodging
 - Level 2.4 Invocations


You had 5 spell levels left.
You didn't know any spells.

Dungeon Overview and Level Annotations

Branches:
Dungeon (4/15)
 Temple: D:4-7

Altars:
Cheibriados
Elyvilon
Kikubaaqudgha
Qazlal
Ru
Trog


Innate Abilities, Weirdness & Mutations

You have sharp toenails.
You are partially covered in slimy green scales (AC +2).


Message History

You are feeling hungry.
You see here an orc skeleton.
There is a stone staircase leading up here.
The orc warrior hits you with a mace of protection!
You climb upwards.
There is a stone staircase leading down here.
You hit the orc warrior but do no damage.
The orc warrior is moderately wounded.
You hit the orc warrior but do no damage.
Your kick misses the orc warrior.
The orc warrior is moderately wounded.
The orc warrior hits you with a mace of protection!
* * * LOW HITPOINT WARNING * * *
You barely miss the orc warrior.
The orc warrior is moderately wounded.
The orc warrior barely misses you.
You hit the orc warrior but do no damage.
The orc warrior is moderately wounded.
The orc warrior hits you with a mace of protection!
You die...

...###.............##.........#
.....##...........##..........###
......##.........##..............
.......##.......##.##)###########
........##########.##.......#
......###.# #...#.########.#
####.## #.# ##..#.#...รท....# #.#
#.# #.o#.#.######## #.# #.#
##@..#.# #.# #.# #####.# #.####.#
#.# #......# #.# ########
#.############ #.............
##############


You could see an orc warrior.

Vanquished Creatures
  An orc priest (D:4)
  A hound (D:2)
  A worker ant (D:4)
  A hound zombie (D:4)
  6 adders
  7 gnolls
  3 oozes
  4 worms
  4 giant geckos
  7 orcs
  A giant cockroach (D:2)
  4 goblins
  5 hobgoblins
  16 jackals
  9 kobolds
  6 quokkas
  3 ball pythons
  12 bats
  2 giant newts
  12 rats
105 creatures vanquished.

Notes
Turn   | Place    | Note
--------------------------------------------------------------
     0 | Abyss:1  | Laakeri the Demonspawn Abyssal Knight began the quest for the Orb.
     0 | Abyss:1  | Reached XP level 1. HP: 18/18 MP: 2/2
    52 | Abyss:1  | Noticed a large abomination
    53 | D:1      | Escaped the Abyss
    69 | D:1      | Gained mutation: You can spit weak poison. [potion of mutation]
    69 | D:1      | Gained mutation: You are robust (+10% HP). [potion of mutation]
   112 | D:1      | Reached * piety under Lugonu
   211 | D:1      | Gained mutation: You are partially covered in slimy green scales (AC +2). [demonic ancestry]
   211 | D:1      | Reached XP level 2. HP: 20/26 MP: 3/3
  1484 | D:2      | Reached XP level 3. HP: 31/31 MP: 4/4
  1539 | D:2      | Lost mutation: You can spit weak poison. [potion of cure mutation]
  1539 | D:2      | Lost mutation: You are robust (+10% HP). [potion of cure mutation]
  1619 | D:2      | Reached ** piety under Lugonu
  1619 | D:2      | HP: 1/29 [poisoned by an adder]
  2617 | D:1      | Gained mutation: You have sharp toenails. [demonic ancestry]
  2617 | D:1      | Reached XP level 4. HP: 26/35 MP: 5/5
  3506 | D:2      | Reached XP level 5. HP: 14/41 MP: 6/6
  4379 | D:3      | Reached skill level 4 in Long Blades
  4787 | D:3      | Reached *** piety under Lugonu
  5714 | D:4      | Reached XP level 6. HP: 47/47 MP: 7/7
  5744 | D:4      | Found a stormy altar of Qazlal.
  5748 | D:4      | Found a bloodstained altar of Trog.
  5748 | D:4      | Found a snail-covered altar of Cheibriados.
  5852 | D:4      | Found an ancient bone altar of Kikubaaqudgha.
  5852 | D:4      | Found a white marble altar of Elyvilon.
  5890 | D:4      | Noticed an orc warrior
  6298 | D:4      | Found a sacrificial altar of Ru.
  6347 | D:3      | Slain by an orc warrior

Action                   |  1- 3 |  4- 6 || total
-------------------------+-------+-------++-------
Melee: Falchion          |   159 |   267 ||   426
Invok: Depart the Abyss  |     1 |       ||     1
  Use: Potion            |     5 |     5 ||    10
       Scroll            |     4 |     6 ||    10
  Eat: Chunk             |     4 |     9 ||    13
       Bread ration      |     1 |       ||     1
       Fruit             |       |     1 ||     1
